 Dungeon Crawl Stone Soup version 0.25-a0-670-g50981ef59b (webtiles) character file.

Game seed: 18179360099201529582, levelgen mode: deterministic

3624 Glundar the Skirmisher (level 9, -7/74 HPs)
             Began as a Centaur Warper on Mar 29, 2020.
             Was a Priest of Okawaru.
             Mangled by a wyvern (11 damage)
             ... on level 7 of the Dungeon.
             The game lasted 00:47:18 (12174 turns).

Glundar the Skirmisher (Centaur Warper)            Turns: 12174, Time: 00:47:19

Health: -7/74      AC: 17    Str: 17    XL:     9   Next: 87%
Magic:  15/15      EV:  7    Int: 12    God:    Okawaru [***...]
Gold:   348        SH:  8    Dex:  9    Spells: 12/16 levels left

rFire    . . .     SeeInvis .   a - +1 trident
rCold    . . .     Gourm    .   i - +0 kite shield
rNeg     . . .     Faith    .   t - +2 robe
rPois    .         Spirit   .   q - +2 helmet
rElec    .         Reflect  .   u - +2 cloak
rCorr    .         Harm     .   (no gloves)
MR       .....                  F - +0 centaur barding
Stlth    +.........             (no amulet)
HPRegen  0.22/turn              (no ring)
MPRegen  0.14/turn              (no ring)

@: very slightly contaminated, very quick
A: large, hooves 3, deformed body, speed 2, tough skin 3
a: Heroism, Renounce Religion


You were on level 7 of the Dungeon.
You worshipped Okawaru.
Okawaru was most pleased with you.
You were not hungry.

You visited 2 branches of the dungeon, and saw 9 of its levels.

You collected 348 gold pieces.

Inventory:

Hand Weapons
 a - a +1 trident (weapon)
 b - a +0 hunting sling
 o - a +2 dagger of flaming
 N - a +2 dagger of speed
Missiles
 e - 5 boomerangs of dispersal
 g - 50 sling bullets
 w - 41 arrows
 D - 3 poisoned darts
 K - 163 stones (quivered)
 L - 82 bolts
 O - a boomerang
Armour
 i - a +0 kite shield (worn)
 q - a +2 helmet (worn)
 t - a +2 robe (worn)
 u - a +2 cloak (worn)
 F - a +0 centaur barding (worn)
 U - a +0 tower shield
Magical Staves
 V - an uncursed staff of death {unknown}
Jewellery
 W - an uncursed amulet of harm
Wands
 s - a wand of paralysis (5)
 E - a wand of random effects (16)
 T - a wand of digging (5)
Scrolls
 c - 2 scrolls of enchant weapon
 h - 5 scrolls of fog
 j - 2 scrolls of magic mapping
 k - 2 scrolls of remove curse {unknown}
 r - a scroll of fear {unknown}
 y - a scroll of random uselessness {unknown}
 A - 4 scrolls of noise {unknown}
 C - 4 scrolls of immolation {unknown}
 G - 3 scrolls of amnesia {unknown}
 M - a scroll of enchant armour {unknown}
 S - a scroll of teleportation {unknown}
Potions
 l - 3 potions of brilliance
 m - 2 potions of resistance
 n - a potion of invisibility
 p - 2 potions of ambrosia
 v - 2 potions of stabbing {unknown}
 x - a potion of degeneration {unknown}
 z - 2 potions of mutation
 B - a potion of magic {unknown}
 H - 2 potions of lignification
 I - 3 potions of cancellation {unknown}
 J - a potion of haste {unknown}
 P - 3 potions of curing
 Q - 2 potions of heal wounds {unknown}
 R - 2 potions of flight {unknown}
Comestibles
 f - 15 rations
 X - 2 chunks of flesh


   Skills:
 + Level 5.3 Fighting
 + Level 4.8 Polearms
 + Level 4.7(5.1) Slings
 - Level 2.5(4.0) Throwing
 + Level 3.6 Armour
 + Level 4.1 Dodging
 + Level 3.5 Shields
 + Level 4.2 Spellcasting
 + Level 5.0 Translocations


You had 12 spell levels left.
You knew the following spells:

 Your Spells              Type           Power        Failure   Level  Hunger
a - Blink                 Tloc           N/A          13%         2    ##.....
b - Shroud of Golubria    Chrm/Tloc      #.....       36%         2    ##.....

Your spell library contained the following spells:

 Spells                   Type           Power        Failure   Level  Hunger
 Apportation              Tloc           ##....       9%          1    None
 Gell's Gravitas          Tloc           ##........   26%         3    ###....
 Lesser Beckoning         Tloc           ##........   26%         3    ###....
 Teleport Other           Tloc           ##......     26%         3    ###....
 Animate Skeleton         Necr           N/A          56%         1    None
 Corona                   Hex            #......      56%         1    None
 Summon Small Mammal      Summ           #...         56%         1    None
 Passage of Golubria      Tloc           N/A          65%         4    ####...


Dungeon Overview and Level Annotations

Branches:
Dungeon (8/15)             Temple (1/1) D:4
   Lair: D:8-11

Altars:
Ashenzari
Cheibriados
Dithmenos
Elyvilon
Fedhas
Gozag
Kikubaaqudgha
Makhleb
Nemelex Xobeh
Okawaru
Qazlal
Ru
Sif Muna
Trog
Uskayaw
Vehumet
Wu Jian
Xom
Yredelemnul
Zin
The Shining One


Innate Abilities, Weirdness & Mutations

You have hooves in place of feet.
Armour fits poorly on your strangely shaped body.
You cover ground very quickly.
You have extremely tough skin. (AC +3)


Message History

* * * LOW HITPOINT WARNING * * *
You are too injured to fight recklessly!
You are too injured to fight recklessly!
You barely miss the wyvern. You kick the wyvern, but do no damage.
The wyvern is lightly wounded.
You block the wyvern's attack.
You puncture the wyvern! You kick the wyvern.
The wyvern is severely wounded.
The wyvern bites you!
* * * LOW HITPOINT WARNING * * *
The wyvern bites you.
* * * LOW HITPOINT WARNING * * *
Okay, then.
Blink to where?
Press: ? - help, Dir - move target cursor You are very lightly contaminated with residual magic.
As you read the scroll of blinking, it crumbles to dust.
Some of the chunks of flesh in your inventory have rotted away.
The wyvern bites you!
You die...

.............#.### #.#
.#...............# #.# ##
.#........##.###.# #.# #.
.####..##.##.# #.# #.# #.
.####..##.##.# #.# #.# #.
.......##.##.# #.# #.# #.
..###..##.##.###.# #.# #.
...[...##.#......#######.# #.
..###.###......l@........#######.
..###.#####[...##########........
.......#####.#.# #.#######
#.####.......#.##### #.#
#.####.######...##.######.#
#.##....[#........#......>#
#.##.#.#.#.##....#.######.#
#..........###.#.#.# #.#######
..##.#.#.......#.#.######........


You could see a wyvern.

Vanquished Creatures
  A hippogriff (D:8)
  A wyvern (D:8)
  A yak (D:7)
  3 hogs (D:7)
  A human (D:7)
  Eustachio (D:4)
  A hungry ghost (D:7)
  A water moccasin (D:7)
  2 ice beasts (D:7)
  A sky beast (D:7)
  A black bear (D:6)
  5 ogres
  2 phantoms
  2 bullfrogs
  A scorpion (D:7)
  8 crimson imps
  A hound (D:7)
  A jelly (D:7)
  4 orc priests
  Crazy Yiuf (D:2)
  2 orc wizards
  Jessica (D:2)
  Ijyb (D:3)
  3 worker ants
  A hound skeleton (D:5)
  A worker ant zombie (D:7)
  Robin (D:2)
  13 adders
  12 gnolls
  3 oozes
  A worm (D:3)
  4 dart slugs
  6 leopard geckos
  20 orcs
  8 giant cockroaches
  10 hobgoblins
  6 jackals
  9 kobolds
  6 quokkas
  A ball python (D:4)
  7 bats
  2 frilled lizards
  A giant cockroach zombie (D:5)
  17 goblins
  A jackal skeleton (D:4)
  A leopard gecko skeleton (D:4)
  5 rats
182 creatures vanquished.

Notes
Turn   | Place    | Note
-------+----------+-------------------------------------------
     0 | D:1      | Glundar the Centaur Warper began the quest for the Orb.
     0 | D:1      | Reached XP level 1. HP: 17/17 MP: 3/3
   167 | D:1      | Reached XP level 2. HP: 19/24 MP: 4/4
   767 | D:1      | Learned a level 2 spell: Blink
   770 | D:1      | Learned a level 2 spell: Shroud of Golubria
   789 | D:1      | Reached XP level 3. HP: 28/29 MP: 6/6
  1559 | D:2      | Noticed Robin
  1596 | D:2      | Killed Robin
  1596 | D:2      | Reached skill level 1 in Armour
  1596 | D:2      | Reached XP level 4. HP: 31/37 MP: 7/7
  2868 | D:2      | Found a blossoming altar of Fedhas.
  2868 | D:2      | Noticed Jessica
  2872 | D:2      | Reached skill level 1 in Shields
  2872 | D:2      | Reached XP level 5. HP: 42/42 MP: 8/8
  2888 | D:2      | Killed Jessica
  3223 | D:2      | Found a runed translucent door.
  3224 | D:2      | Noticed Crazy Yiuf
  3236 | D:2      | Killed Crazy Yiuf
  4098 | D:3      | Found a glowing silver altar of Zin.
  4330 | D:3      | Reached XP level 6. HP: 50/50 MP: 9/9
  4342 | D:3      | Noticed Ijyb
  4389 | D:3      | Killed Ijyb
  5345 | D:4      | Found a staircase to the Ecumenical Temple.
  5363 | Temple   | Entered the Ecumenical Temple
  5579 | Temple   | Became a worshipper of Warmaster Okawaru
  5978 | D:4      | HP: 1/51 [ogre/+0 giant club (10)]
  6442 | D:4      | Reached skill level 1 in Slings
  6442 | D:4      | Reached XP level 7. HP: 32/57 MP: 11/11
  7065 | D:4      | Noticed Eustachio
  7089 | D:4      | Killed Eustachio
  7313 | D:5      | Entered Level 5 of the Dungeon
  7780 | D:5      | Found a stormy altar of Qazlal.
  7981 | D:5      | Reached * piety under Okawaru
  7981 | D:5      | Reached XP level 8. HP: 39/66 MP: 12/12
  9349 | D:6      | Found a hide-covered altar of Uskayaw.
  9585 | D:7      | Paralysed by fainting for 5 turns
  9683 | D:7      | Found a shattered altar of Ashenzari.
  9701 | D:7      | Found a shimmering altar of Xom.
 10073 | D:7      | Reached ** piety under Okawaru
 10169 | D:7      | Found an opulent altar of Gozag.
 10180 | D:7      | Reached XP level 9. HP: 70/72 MP: 14/14
 11109 | D:7      | Reached skill level 5 in Fighting
 11117 | D:7      | Reached *** piety under Okawaru
 11768 | D:8      | Reached skill level 5 in Translocations
 12156 | D:7      | HP: 1/74 [wyvern (5)]
 12174 | D:7      | Mangled by a wyvern

Levels and vault maps discovered:
D:1:      sevenhm_arrival_forest_fort_large_4, layout_basic
D:2:      layout_basic, old_standard_altar, minmay_misc_feat_tower, uniq_robin,
          uniq_crazy_yiuf_cottage, uniq_jessica
D:3:      layout_rooms, lemuel_crystal_altar, st_stairs_10,
          hangedman_feature_mirror, uniq_ijyb
D:4:      layout_basic, minmay_temple_entry_proselytizer, serial_glass,
          glass_columns_c, glass_columns_a, glass_columns_b, glass_columns_a,
          due_unseen_surprise, feat_on_display, first_ration, uniq_eustachio
D:5:      layout_basic, lemuel_crystal_altar, solitary_fountain, st_stairs_7
D:6:      layout_cave_pools, eat_drink_and_be_merry_uskayaw,
          roderic_serpentine_path
D:7:      layout_loops_ring, marbit_many_paths, grunt_temple_overflow_open,
          grunt_livestock
D:8:      layout_basic
Temple:   dpeg_chambers_temple

Skill      XL: |  1  2  3  4  5  6  7  8  9 |
---------------+----------------------------+-----
Polearms       | 2 3 4 |  4.8
Spellcasting   | 2 3 4 |  4.2
Armour         | 1 2 3 |  3.6
Throwing       | 2 |  2.5
Shields        | 1 2 3 |  3.5
Dodging        | 2 3 4 |  4.1
Fighting       | 3 4 5 |  5.3
Translocations | 3 4 5 |  5.0
Slings         | 1 2 3 4 |  4.7

Action                   |  1- 3 |  4- 6 |  7- 9 || total
-------------------------+-------+-------+-------++-------
Melee: Spear             |   102 |       |       ||   102
       Kick              |    13 |    45 |    93 ||   151
       Trident           |     7 |   333 |   453 ||   793
       Dagger            |       |       |    53 ||    53
 Fire: Hunting sling     |       |    17 |    39 ||    56
  Use: Scroll            |       |       |    11 ||    11
  Eat: Chunk             |     1 |    12 |    10 ||    23
       Ration            |       |     1 |     3 ||     4
Armor: Leather armour    |    41 |    38 |       ||    79
       Robe              |       |    91 |   205 ||   296
Dodge: Dodged            |    29 |    77 |   123 ||   229
Block: Kite shield       |    25 |   111 |   142 ||   278

Table legend:
 A = Non-vault XP
 B = Vault XP
 C = Vault XP percentage of total XP
 D = Non-vault monster count
 E = Vault monster count
 F = Vault count percentage of total count
                 A         B        C        D         E       F
            +---------+---------+-------+---------+---------+-------
      Total |    3703 |    1475 |  28.5 |     154 |      28 |  15.4
            +---------+---------+-------+---------+---------+-------
        D:1 |      62 |      13 |  17.3 |      25 |       7 |  21.9
        D:2 |     193 |     102 |  34.6 |      29 |       8 |  21.6
        D:3 |      49 |      84 |  63.2 |      21 |       4 |  16.0
        D:4 |     527 |     197 |  27.2 |      29 |       1 |   3.3
        D:5 |     513 |      20 |   3.8 |      10 |       2 |  16.7
        D:6 |     267 |       0 |   0.0 |       7 |       0 |   0.0
        D:7 |    1362 |    1059 |  43.7 |      24 |       6 |  20.0
        D:8 |     730 |       0 |   0.0 |       9 |       0 |   0.0
            +---------+---------+-------+---------+---------+-------
